 Dungeon Crawl Stone Soup version 0.28.0-47-ge53b351184 (webtiles) character file.

Game seed: 10689811435569026295

1508 pkoi the Insei (level 8, -1/61 HPs)
             Began as a Demigod Warper on Apr 25, 2022.
             Slain by a centaur warrior zombie (2 damage)
             ... on level 6 of the Dungeon.
             The game lasted 00:16:28 (11554 turns).

pkoi the Insei (Demigod Warper)                    Turns: 11554, Time: 00:16:28

Health: -1/61      AC:  6    Str: 12    XL:     8   Next: 28%
Magic:  5/15       EV: 12    Int: 23    God:
Gold:   144        SH:  0    Dex: 19    Spells: 6/13 levels left

rFire   + . .      SeeInvis .     - Unarmed
rCold   . . .      Faith    .   (no shield)
rNeg    . . .      Spirit   .   a - +1 leather armour
rPois   .          Reflect  .   (no helmet)
rElec   .          Harm     .   l - +0 cloak
rCorr   .          Rampage  .   (no gloves)
Will    .....                   s - +0 pair of boots
Stlth   +.........              o - amulet of the acrobat
HPRegen 0.20/turn               g - +6 ring of dexterity
MPRegen 0.14/turn               x - ring of protection from fire

@: no status effects
A: high MP 1, forlorn, divine attributes
a: no special abilities


You were on level 6 of the Dungeon.
You visited 2 branches of the dungeon, and saw 7 of its levels.

You collected 190 gold pieces.
You spent 46 gold pieces at shops.

Inventory:

Hand Weapons
 e - a +0 rapier
 f - a +1 whip of venom
 i - a +0 short sword
Missiles
 c - 4 boomerangs of dispersal (quivered)
 j - 3 poisoned darts
 u - 4 silver boomerangs
Armour
 a - a +1 leather armour (worn)
 d - a +0 robe
 l - a +0 cloak (worn)
 s - a +0 pair of boots (worn)
Jewellery
 g - a +6 ring of dexterity (left hand)
 k - a +6 ring of intelligence
 o - an amulet of the acrobat (around neck)
 x - a ring of protection from fire (right hand)
Wands
 h - a wand of charming (7)
 n - a wand of mindburst (10)
Scrolls
 b - a scroll of blinking
 q - 4 scrolls of fog
 t - a scroll of enchant armour
 y - a scroll of teleportation
Potions
 m - a potion of haste
 p - a potion of flight
 r - a potion of attraction
 w - 2 potions of brilliance


   Skills:
 + Level 1.9 Fighting
 - Level 0.8 Throwing
 - Level 2.0 Armour
 + Level 2.0 Dodging
 + Level 6.0 Unarmed Combat
 - Level 3.0 Spellcasting
 + Level 5.4 Translocations
 - Level 3.0 Air Magic
 - Level 3.0 Poison Magic
 + Level 1.9 Evocations


You had 6 spell levels left.
You knew the following spells:

 Your Spells              Type           Power      Damage    Failure   Level
a - Blink                 Tloc           56%        N/A       2%          2
b - Gell's Gravitas       Tloc           28%        N/A       4%          3
c - Poisonous Vapours     Pois/Air       34%        N/A       6%          2

Your spell library contained the following spells:

 Spells                   Type           Power      Damage    Failure   Level
 Lesser Beckoning         Tloc           28%        N/A       4%          3
 Teleport Other           Tloc           28%        N/A       4%          3
 Corpse Rot               Necr/Air       20%        N/A       12%         2
 Manifold Assault         Tloc           28%        N/A       41%         5
 Dispel Undead            Necr           3%         3d7       82%         4
 Dispersal                Tloc           14%        N/A       94%         6
 Death Channel            Necr           1%         N/A       100%        6


Dungeon Overview and Level Annotations

Branches:
Dungeon (6/15)             Temple (1/1) D:5

Shops:
D:3 (   D:4 ((!*

Annotations:
D:6 2 transporters, Malificent's ghost, amateur DsCj


Innate Abilities, Weirdness & Mutations

You have an increased reservoir of magic. (+10% MP)
You shall have no god before yourself.
Your divine heritage dramatically boosts your attributes as you level up.


Message History

The centaur warrior zombie closely misses you. x2
You hit the centaur warrior zombie.
The centaur warrior zombie is severely damaged.
The centaur warrior zombie hits you.
* * * LOW HITPOINT WARNING * * *
The centaur warrior zombie kicks you but does no damage.
The centaur warrior zombie closely misses you.
The centaur warrior zombie barely misses you.
You hit the centaur warrior zombie but do no damage.
The centaur warrior zombie is severely damaged.
The centaur warrior zombie hits you!
* * * LOW HITPOINT WARNING * * *
The centaur warrior zombie kicks you.
* * * LOW HITPOINT WARNING * * *
You barely miss the centaur warrior zombie.
The centaur warrior zombie is severely damaged.
The centaur warrior zombie hits you.
* * * LOW HITPOINT WARNING * * *
The centaur warrior zombie closely misses you.
You barely miss the centaur warrior zombie.
The centaur warrior zombie is severely damaged.
The centaur warrior zombie hits you!
* * * LOW HITPOINT WARNING * * *
The centaur warrior zombie kicks you but does no damage.
You punch the centaur warrior zombie!
The centaur warrior zombie is severely damaged.
The centaur warrior zombie barely misses you.
The centaur warrior zombie kicks you but does no damage.
You hit the centaur warrior zombie.
The centaur warrior zombie is severely damaged.
The centaur warrior zombie hits you.
* * * LOW HITPOINT WARNING * * *
The centaur warrior zombie kicks you but does no damage.
You hit the centaur warrior zombie.
The centaur warrior zombie is severely damaged.
The centaur warrior zombie hits you but does no damage.
The centaur warrior zombie kicks you.
* * * LOW HITPOINT WARNING * * *
The centaur warrior zombie hits you.
You die...

........# ........#
........# ########
........# ........
........# ........
........# ........
........##### ........
...:.....Z@.### ........
......>..##...############.
..........###.......## ###.
#########.#########..###...
##### #...### ##......#.
#...# ##...# ##.........
#...# ##.###..........
#...# #.?..........>. #...#
####.#.......#..


You could see a centaur warrior zombie.

Vanquished Creatures
  Menkaure (D:6)
  Pargi (D:3)
  A necrophage (D:6)
  2 ogres
  A centaur (D:6)
  A phantom (D:5)
  2 bullfrogs
  A wyvern zombie (D:6)
  A scorpion (D:3)
  2 howler monkeys (D:4)
  2 centaur zombies (D:5)
  A centaur skeleton (D:4)
  6 hounds
  A scorpion zombie (D:5)
  3 iguanas
  5 gnolls
  8 adders
  5 worms
  2 dart slugs
  5 orcs
  6 ball pythons
  3 bats
  4 endoplasms
  3 giant cockroaches
  6 goblins
  5 hobgoblins
  7 jackals (D:1)
  11 kobolds
  4 quokkas
  4 frilled lizards
  10 rats
114 creatures vanquished.

Notes
Turn   | Place    | Note
-------+----------+-------------------------------------------
     0 | D:1      | pkoi the Demigod Warper began the quest for the Orb.
     0 | D:1      | Reached XP level 1. HP: 17/17 MP: 5/5
   203 | D:1      | Reached skill level 2 in Unarmed Combat
   614 | D:1      | Reached XP level 2. HP: 20/24 MP: 7/7
   659 | D:1      | Learned a level 2 spell: Blink
  1698 | D:1      | Reached XP level 3. HP: 25/29 MP: 8/8
  1702 | D:1      | Learned a level 3 spell: Gell's Gravitas
  2437 | D:2      | Reached skill level 3 in Unarmed Combat
  3447 | D:2      | Reached XP level 4. HP: 36/36 MP: 9/9
  3561 | D:3      | Reached skill level 1 in Armour
  3795 | D:3      | Found Iruhin's Weapon Boutique.
  4620 | D:4      | Noticed Pargi
  4622 | D:4      | Found Kuow's Antique Weapon Shoppe.
  4659 | D:4      | Noticed a bullfrog
  4670 | D:4      | Killed a bullfrog
  4671 | D:4      | Reached XP level 5. HP: 31/41 MP: 10/10
  4861 | D:4      | Reached skill level 4 in Unarmed Combat
  5523 | D:4      | Reached XP level 6. HP: 42/48 MP: 11/11
  5705 | D:4      | Found Quqeoptu's Distillery.
  5745 | D:4      | Found Imuma's Assorted Antiques.
  5748 | D:4      | Bought a scroll labelled HAMMEA SIUKA for 23 gold pieces
  5748 | D:4      | Bought a scroll labelled DEF SACZUBBAVI for 23 gold pieces
  6037 | D:4      | Reached skill level 5 in Translocations
  6202 | D:3      | Killed Pargi
  6464 | D:4      | Learned a level 2 spell: Poisonous Vapours
  6716 | D:4      | Found Ycexic's Antique Weapon Boutique.
  6790 | D:5      | Entered Level 5 of the Dungeon
  6831 | D:5      | Reached skill level 5 in Unarmed Combat
  6837 | D:5      | Reached XP level 7. HP: 37/53 MP: 13/13
  7131 | D:5      | Reached skill level 1 in Air Magic
  7131 | D:5      | Reached skill level 1 in Poison Magic
  9162 | D:5      | Found a staircase to the Ecumenical Temple.
  9274 | Temple   | Entered the Ecumenical Temple
  9629 | D:6      | Noticed a shadow
  9629 | D:6      | Noticed Menkaure
  9629 | D:6      | Found a transporter.
 10165 | D:6      | Noticed Malificent's ghost (amateur DsCj)
 10294 | D:6      | Reached XP level 8. HP: 60/60 MP: 8/15
 10470 | D:6      | Found a transporter.
 10576 | D:6      | HP: 3/60 [centaur (5)]
 10579 | D:6      | Reached skill level 1 in Evocations
 10580 | D:6      | Killed Menkaure
 11340 | D:6      | Reached skill level 6 in Unarmed Combat
 11553 | D:6      | HP: 2/61 [centaur warrior zombie (6)]
 11554 | D:6      | Slain by a centaur warrior zombie

Illustrated notes

Levels and vault maps discovered:
D:1:      co_arrival_random_square_maze, layout_basic, corexii_hall_statues_l,
          interstate_on_off
D:2:      layout_loops_ring, basic_altar, kennysheep_generic_room_8
D:3:      layout_loops_ring, serial_shops, nicolae_shop_hallway_plus
D:4:      layout_cave_pools, serial_shops, nicolae_shop_behind_doors,
          nicolae_lakefront_shop, nicolae_shop_behind_doors,
          nicolae_shop_behind_doors, nrook_mini_vaults, minmay_cut_off,
          uniq_pargi
D:5:      layout_loops_ring, mainiacjoe_overflow_paths,
          minmay_temple_entry_butterflies, cheibrodos_sewer_entry_bend,
          kennysheep_potato
D:6:      layout_rooms, gammafunk_ghost_arena, uniq_menkaure
Temple:   mainiacjoe_temple_circle_huts

Skill      XL: |  1  2  3  4  5  6  7  8 |
---------------+-------------------------+-----
Unarmed Combat | 2 3 4 5 6 |  6.0
Translocations | 3 4 5 |  5.4
Armour         | 2 |  2.0
Spellcasting   | 2 3 |  3.0
Air Magic      | 2 3 |  3.0
Poison Magic   | 2 3 |  3.0
Evocations     | 1 |  1.9
Dodging        | 2 |  2.0
Fighting       | |  1.9
Throwing       | |  0.8

Action                   |  1- 3 |  4- 6 |  7- 9 || total
-------------------------+-------+-------+-------++-------
Melee: Unarmed           |     9 |       |   154 ||   163
       Whip              |   122 |   151 |    63 ||   336
       Punch             |     1 |     8 |    14 ||    23
Throw: Dart              |       |     6 |       ||     6
       Boomerang         |       |     1 |       ||     1
 Cast: Blink             |       |     2 |       ||     2
       Poisonous Vapours |       |       |    17 ||    17
       Gell's Gravitas   |       |       |     4 ||     4
Evoke: Wand              |       |       |     3 ||     3
  Use: Scroll            |     4 |     9 |     3 ||    16
       Potion            |       |     1 |     1 ||     2
 Stab: Sleeping          |     2 |     2 |     1 ||     5
Armor: Leather armour    |    31 |    74 |    80 ||   185
Dodge: Dodged            |    84 |   112 |   160 ||   356
